Description

This build is my artistic interpretation of Stats’ 3 oracle immortal sentry push from Assembly 2019.

For a precise write up of Stats' level execution check out Gemini's BOTW: https://www.reddit.com/r/allthingsprotoss/comments/cnaddf/build_of_the_week_pvz_stats_3_oracle_into/

  • Standard Opening
  • Gateway
  • 3x Adepts (1 chrono)
  • SG
  • Phoenix
  • 3xoracles
  • WG
  • 2nd Adept
  • 3:30 double gas (right after first oracle starts)
  • @queing first phoenix - 2nd gate to finish wall + extra pylon
  • @queing first oracle - 3rd/4th gases
  • @queing 2nd oracle - robo + pylon
  • @queing 3rd oracle - 4 more gates
  • Extra pylons so you dont get supply blocked
  • ~4:45 - start warping in sentries
  • Robo
  • Immortal
  • Prism
  • Cut probes at 48 (2base saturation with natural a little oversaturated)
  • ~5:30-6:00 Drop 3rd base as you get spare minerals
  • Move out with 6 sentries, immortal and any leftover gateway units
  • As you move out, drop forge + twilight

  • Warp in 6 stalkers with prism as it catches up to army

  • Warp in mix of zealot/stalker then pressure 3rd - if they have no defence push deep and hard

Transition

  • If you don’t commit all-in to the push, start probes, charge and +1 attack
  • Chrono immortals
  • Add templar archives for storm
  • 2nd robo for more immortal production

VOD

https://www.youtube.com/watch?v=Hby5IsIKeaw

Replay - Oracle into Immortal Sentry Pressure PvZ - PiG's Weekly Build

Build Order

Get SALT Encoding   

  12  0:01  Probe  
  13  0:13  Probe  
  14  0:23  Pylon  
  14  0:25  Probe  
  15  0:39  Probe  
  15  0:42  Gateway  
  16  0:47  Probe  
  16  0:49  Assimilator  
  16  0:55  Probe  
  18  1:08  Probe  
  19  1:20  Probe  
  20  1:26  Nexus  
  20  1:34  Cybernetics Core  
  20  1:37  Probe  
  21  1:43  Assimilator  
  21  1:49  Probe  
  21  1:51  Pylon  
  22  2:00  Adept  
  26  2:23  Stargate  
  26  2:28  Adept  
  27  2:35  Warp Gate  
  34  2:59  Gateway  
  37  3:25  Phoenix  
  38  3:32  Adept  
  41  3:37  Pylon x2  
  42  3:43  Assimilator x2  
  42  3:45  Oracle  
  42  3:48  Adept  
  51  4:12  Oracle  
  53  4:23  Robotics Facility  
  58  4:34  Sentry x2  
  62  4:41  Pylon  
  62  4:42  Gateway x3  
  62  4:49  Gateway  
  62  4:59  Oracle  
  63  5:10  Immortal  
  69  5:40  Warp Prism  
  70  5:43  Sentry x4  
  80  5:50  Nexus  
  80  5:52  Sentry  
  83  6:05  Zealot  
  85  6:22  Immortal  
  85  6:23  Twilight Council  
  85  6:25  Forge  
  89  6:27  Stalker x4  
  89  6:29  Zealot x2  
  102  6:54  Protoss Ground Weapons Level 1  
  102  6:58  Zealot x3, Stalker  
  109  7:05  Charge  
  103  7:12  Stalker, Sentry  
  103  7:19  Assimilator x2  
  108  7:35  Adept x2  
  112  7:52  Immortal  
  112  7:55  Templar Archives  
  117  8:01  Robotics Facility  
  113  8:09  Zealot x2  
  114  8:17  Psionic Storm  
  113  8:24  Immortal  
  113  8:27  Zealot x2  
  125  8:40  Gateway x2  
  125  8:47  Gateway  
  125  8:50  Photon Cannon  
  126  9:18  High Templar x6  
  138  9:33  Immortal  
  140  9:43  Immortal  
  154  9:49  Nexus  
  154  9:50  Assimilator x2  
  154  9:51  High Templar x2  
Spawning Tool Build Advisor. Get it on Overwolf

Analysis

  • 3 chronos into probes in early-game - then dump them into phoenix/oracle then immortal + prism
  • Go up to 8 gates and just all-in off the attack every game when first learning the build so you get lots of repetition and can refine the early-game
  • Once your sentry immortal push moves out, swap into stasis harassment with oracles (one in dead-space behind each mineral line if possible).
  • You could choose to ONLY stasis trap harassment since it’s very easy to micro compared to focus firing oracles
  • More zealots vs lings, more stalkers vs roaches (for your initial push)
  • @3rd adept popping - send 2 adepts across the map to pressure - que them to hold position in a gap in the minerals at enemy 4th/5th base - threaten shades into mineral lines and commit if no defence

    - I prefer phoenix on separate control group from oracles - I only bring it to help pick up queens after I’ve picked off all ovies on the map and bullied overlords further back so they don’t get early warning of oracles diving in

Go to:

Details

  • Created by: PiG      
  • Published on: Aug 30, 2019
  • Modified on: Aug 30, 2019
  • Patch: 4.7.1
Show
View Real Time Build Order
Export as new Build Order

Comments (0)

There are no comments. Be the first!

Create an account to comment!